 Dungeon Crawl Stone Soup version 0.32-a0-975-g85d4e5bfdb (webtiles) character file.

Game seed: 778312731972123329

472723 Doorstop00 the Acrobat (level 23, -5/225 HPs)
             Began as a Minotaur Berserker on Apr 17, 2024.
             Was an Elder of Trog.
             Slain by a black draconian
             ... wielding a +0 battleaxe
              (12 damage)
             ... on level 1 of the Realm of Zot on Apr 18, 2024.
             The game lasted 06:21:33 (55826 turns).

Doorstop00 the Acrobat (Minotaur Berserker)        Turns: 55826, Time: 06:21:34

Health: -5/225     AC: 34    Str: 29    XL:     23   Next: 27%
Magic:  19/19      EV:  0    Int: 12    God:    Trog [****..]
Gold:   3097       SH: 30    Dex: 16    Spells: 22/22 levels left

rFire   + + .        q - +9 war axe of a Gauntlet {flame, rF+ Will+}
rCold   + + +        V - +4 tower shield {rPois}
rNeg    . . .        L - +5 plate armour of Oblivion {rC+ Will+ Int+2}
rPois   +            t - +2 hat
rElec   +            E - +2 cloak {rCorr}
rCorr   +            W - +0 pair of gloves of Zuzxohos {rElec rPois rC+ Dex+3}
SInv    +            c - +2 pair of boots
Will    +++++        T - amulet "Quza" {Reflect rC+ Will+ SH+5 Stlth+} Stlth
                     Z - ring "Meschel" {Will+ Int+4}
HPRegen 0.57/turn    y - ring of Modesty {rF+ Dex+5 SInv}
MPRegen 0.16/turn

%: reflection
@: silenced, petrifying (expiring), corroded, constricted, very slow
A: horns 2, retaliatory headbutt, clumsy 1, low MP 1, weak 1
}: 3/15 runes: serpentine, barnacled, silver
a: Renounce Religion


You were on level 1 of the Realm of Zot.
You worshipped Trog.
Trog was greatly pleased with you.
You visited 8 branches of the dungeon, and saw 41 of its levels.
You also visited: Sewer.

You collected 4990 gold pieces.
You spent 1893 gold pieces at shops.

Inventory:

Hand Weapons
 n - the +8 flail "Vewkekac" {antimagic, Str+7}
   (Trog gifted it to you on level 1 of the Depths)

   Str+7:     It affects your strength (+7).
 q - the +9 war axe of a Gauntlet (weapon) {flame, rF+ Will+}
   (Trog gifted it to you on level 4 of the Vaults)

   rF+:       It protects you from fire.
   Will+:     It increases your willpower.
Armour
 c - a +2 pair of boots (worn)
 t - a +2 hat (worn)
 E - a +2 cloak of preservation (worn)
 L - the +5 plate armour of Oblivion (worn) {rC+ Will+ Int+2}
   (You found it on level 5 of the Vaults)

   Int+2:     It affects your intelligence (+2).
   rC+:       It protects you from cold.
   Will+:     It increases your willpower.
 V - a +4 tower shield of poison resistance (worn)
 W - the +0 pair of gloves of Zuzxohos (worn) {rElec rPois rC+ Dex+3}
   (You found it on level 4 of the Shoals)

   Dex+3:     It affects your dexterity (+3).
   rC+:       It protects you from cold.
   rElec:     It insulates you from electricity.
   rPois:     It protects you from poison.
Jewellery
 y - the ring of Modesty (right hand) {rF+ Dex+5 SInv}
   (You found it on level 1 of the Vaults)

   [ring of protection from fire]

   Dex+5:     It affects your dexterity (+5).
   rF+:       It protects you from fire.
   SInv:      It lets you see invisible.
 T - the amulet "Quza" (around neck) {Reflect rC+ Will+ SH+5 Stlth+}
   (You found it on level 4 of the Shoals)

   [amulet of reflection]

   Reflect:   It reflects blocked missile attacks.
   rC+:       It protects you from cold.
   Will+:     It increases your willpower.
   SH+5:      It affects your SH (+5).
   Stlth+:    It makes you more stealthy.
 Z - the ring "Meschel" (left hand) {Will+ Int+4}
   (You took it off a merfolk javelineer on level 3 of the Shoals)

   [ring of willpower]

   Int+4:     It affects your intelligence (+4).
   Will+:     It increases your willpower.
Wands
 a - a wand of polymorph (34)
 b - a wand of roots (25)
 g - a wand of flame (33)
 l - a wand of digging (13)
 F - a wand of mindburst (7)
 N - a wand of paralysis (29)
 O - a wand of quicksilver (18)
Scrolls
 d - 4 scrolls of immolation
 h - 6 scrolls of poison
 i - 9 scrolls of fog
 m - 7 scrolls of revelation
 u - 9 scrolls of teleportation
 w - 5 scrolls of fear
 D - 2 scrolls of silence
 K - 4 scrolls of summoning
Potions
 f - 11 potions of haste
 j - 3 potions of invisibility
 k - 5 potions of brilliance
 o - 7 potions of enlightenment
 p - a potion of heal wounds
 s - 4 potions of resistance
 z - 8 potions of lignification
 H - 17 potions of curing
 X - 4 potions of might
Miscellaneous
 r - a lightning rod (4/4)
 A - a condenser vane
 P - a phantom mirror
 Q - a sack of spiders
 Y - a Gell's gravitambourine (2/2)


   Skills:
 + Level 22.7 Fighting
 + Level 19.1(19.2) Axes
 + Level 3.7(13.0) Maces & Flails
 + Level 20.9 Armour
 + Level 23.8 Dodging
 + Level 4.0 Stealth
 + Level 19.6 Shields
 + Level 15.9 Evocations


You had 22 spell levels left.
You didn't know any spells.
Your spell library was empty.

Dungeon Overview and Level Annotations

Branches:
Dungeon (15/15)            Temple (0/1) D:4            Lair (5/5) D:10
 Shoals (4/4) Lair:2        Snake (4/4) Lair:3        Slime (0/5) Lair:4
    Orc (2/2) D:10            Elf (0/3) Orc:2        Vaults (5/5) D:13
  Crypt (0/3) Vaults:2     Depths (4/4) D:15            Zot (2/5) Depths:4
  Sewer (visited)

Altars:
Dithmenos
Elyvilon
Hepliaklqana
Okawaru
Sif Muna
Uskayaw
Wu Jian
Xom
Zin
The Shining One
Beogh

Shops:
D:6 [   D:9 ?   Orc:2 [*(::   Shoals:2 *   Shoals:3 *   Snake:2 ?
Snake:4 ??[[[   Vaults:1 [   Vaults:2 [   Vaults:4 (

Portals:
Hell: Depths:1 Depths:2 Depths:3 Depths:4
Abyss: Depths:1 Depths:2 Depths:3
Pandemonium: Depths:2
Ziggurat: Depths:3

Annotations:
Lair:1 2 transporters, KennySheep's ghost, journeyman DEWn
Depths:1 2 transporters, Vegox's ghost, adept MiHs
Depths:3 2 transporters, exclusion: obsidian statue


Innate Abilities, Weirdness & Mutations

You have a pair of horns on your head.
You reflexively headbutt those who attack you in melee.
You are clumsy. (Dex -2)
Your magical capacity is low. (-10% MP)
You are weak. (Str -2)


Message History

The death cob attacks as it pursues you!
You block the death cob's attack. x2
You block the yellow draconian's attack.
You block the white draconian's attack. The white draconian closely misses you.
The power of Zot is invoked against you!
You are slowing down.
You block the death cob's attack. x2
The white draconian breathes frost at you.
The blast of cold hits you. You resist. You block the white draconian's attack.
You block the death cob's attack.
The white draconian hits you but does no damage.
Your limbs are stiffening.
You feel much better. You block the death cob's attack. x2
You block the white draconian's attack. You block the black draconian's attack.
The tentacled monstrosity tentacle-slaps you but does no damage.
The tentacled monstrosity completely misses you.
The tentacled monstrosity tentacle-slaps you but does no damage.
The tentacled monstrosity grabs you.
The tentacled monstrosity constricts you.
* * * LOW HITPOINT WARNING * * *
The moth of wrath goads the purple draconian on!
The purple draconian goes berserk!
The white draconian hits you from afar with a +0 glaive.
* * * LOW HITPOINT WARNING * * *
The death cob hits you but does no damage.
The white draconian hits you but does no damage.
The black draconian hits you but does no damage.
The tentacled monstrosity tentacle-slaps you but does no damage. x3
The tentacled monstrosity constricts you.
The purple draconian hits you from afar with a +0 halberd!
* * * LOW HITPOINT WARNING * * *
The moth of wrath goads the white draconian on!
The white draconian goes berserk!
The white draconian hits you but does no damage. x2
The death cob hits you!
* * * LOW HITPOINT WARNING * * *
The white draconian hits you from afar with a +2 trident of flaming!!
* * * LOW HITPOINT WARNING * * *
The black draconian hits you with a +0 battleaxe!!
You die...

#.............#
#..........)..+
#.............#
#.............#
#....÷....⌠...+
#.............#
#........dyd..#
#....∩...Xdd.^#
#........@zd..#
#........dd...#
+.........d...#
#.............#
###############


You could see a tentacled monstrosity (berserk), a black draconian (berserk,
unsilenced), 2 draconians, 2 draconians, 3 draconians, a death cob and a moth of
wrath (unsilenced).

Vanquished Creatures
  A dread lich (Vaults:4)
  Mennas (Depths:3)
  A juggernaut (Depths:4)
  Vashnia (Snake:2)
  Saint Roka (Vaults:1)
  A caustic shrike (Depths:2)
  4 golden dragons
  2 hellephants (Depths:1)
  3 iron giants (Depths:4)
  2 tentacled monstrosities
  Jorgrun (D:13)
  2 liches
  A walking divine tome (Zot:1)
  3 titans
  A walking frostbound tome (Depths:4)
  A quicksilver dragon (Vaults:4)
  3 sphinxes
  4 tengu reavers
  2 storm dragons
  The ghost of Heh the Warrior, an adept CoBe of Trog (Shoals:2)
  Gastronok (Lair:3)
  Kirke (D:13)
  Aizul (Snake:2)
  8 shadow dragons
  2 fire giants
  3 narguns
  Donald (Snake:2)
  2 draconian knights
  2 deep elf sorcerers
  4 frost giants
  2 iron dragons (Vaults:4)
  15 vault wardens
  A curse skull (Vaults:2)
  A ghost moth (Zot:2)
  2 orc warlords (Vaults:2)
  24 ironbound preservers
  A draconian stormcaller (Depths:4)
  A spriggan defender (Depths:2)
  10 very ugly things
  8 ironbound thunderhulks
  An apis (Shoals:3)
  A formless jellyfish (Vaults:2)
  5 vampire knights
  14 stone giants
  2 black draconians
  3 deep elf death magi
  A deep elf demonologist (Vaults:5)
  A red draconian (Depths:4)
  A green draconian (Depths:4)
  A white draconian (Depths:4)
  A deep elf annihilator (Vaults:4)
  3 spark wasps
  6 dire elephants
  7 war gargoyles
  A yellow draconian (Depths:4)
  A blizzard demon (Depths:4)
  An eidolon (Vaults:2)
  Snorg (D:13)
  2 crystal guardians (Vaults:3)
  13 ettins
  4 fire dragons
  4 merfolk javelineers
  A green death (Depths:2)
  An ettin (shapeshifter) (Depths:2)
  13 merfolk impalers
  3 deep elf high priests
  32 vault guards
  2 jiangshi (Depths:2)
  17 yaktaur captains
  Fannar (D:10)
  5 hydras
  9 ice dragons
  6 great orbs of eyes
  2 salamander tyrants (Snake:4)
  4 peacekeepers
  13 ironbound frosthearts
  2 ogre magi
  7 spriggan air magi
  2 merfolk avatars
  3 catoblepae (Lair:5)
  6 rakshasas
  A merfolk aquamancer (Shoals:4)
  8 two-headed ogres
  3 boulder beetles
  11 centaur warriors
  2 dancing weapons (Zot:2)
  14 anacondas
  3 satyrs
  7 tengu warriors
  3 alligator snapping turtles
  10 deep troll shamans
  8 death yaks
  4 hell hogs (Depths:1)
  17 naga warriors
  11 deep troll earth magi
  4 vampire magi
  Urug (D:9)
  16 naga sharpshooters
  An occultist (Depths:3)
  7 spriggan berserkers
  5 orc high priests
  A sun demon (Depths:2)
  12 hell knights
  20 iron trolls
  A soul eater (Depths:2)
  19 shock serpents
  7 skysharks
  Sonja (D:13)
  6 salamander mystics
  11 sea snakes
  2 cherubim (Shoals:4)
  A sixfirhy (Depths:2)
  A storm dragon skeleton (Depths:1)
  A mana viper (shapeshifter) (Vaults:4)
  10 mana vipers
  3 glowing orange brains
  2 flayed ghosts
  2 naga ritualists (Snake:4)
  A sea snake (shapeshifter) (Depths:2)
  80 deep trolls
  5 phantasmal warriors
  8 arcanists
  3 large abominations (Depths:3)
  9 harpies
  17 lindwurms
  A deep elf pyromancer (D:13)
  5 necromancers
  An obsidian bat (Orc:2)
  16 orc knights
  21 ironbound convokers
  9 cyclopes
  5 orc sorcerers
  A shining eye (shapeshifter) (Vaults:4)
  17 salamanders
  4 fauns
  28 ugly things
  Maurice (Orc:1)
  21 manticores
  14 vault sentinels
  2 kobold blastminers (Orc:2)
  8 elephants
  7 merfolk sirens
  11 naga magi
  36 black mambas
  8 water nymphs
  5 guardian serpents
  A torpor snail (Lair:4)
  A torpor snail (shapeshifter) (Vaults:4)
  4 cane toads
  5 gargoyles
  5 unseen horrors
  7 komodo dragons
  A kobold demonologist (D:9)
  21 yaktaurs
  7 rime drakes
  A tengu conjurer (Depths:1)
  An efreet (D:12)
  An ice devil (Lair:2)
  18 merfolk
  6 trolls
  5 wind drakes
  A queen bee (Lair:1)
  Grinder (D:5)
  3 polar bears
  7 snapping turtles
  11 hornets
  18 blink frogs
  A dream sheep (shapeshifter) (Vaults:4)
  3 glass eyes
  15 dream sheep
  29 slime creatures
  A fire giant simulacrum (Depths:1)
  A glass eye (shapeshifter) (Depths:2)
  Prince Ribbit (D:9)
  59 yaks
  4 water elementals
  3 wraiths
  9 spriggans
  4 shadows
  7 wyverns
  A culicivora (shapeshifter) (Vaults:5)
  4 hogs
  2 fire elementals (D:14)
  3 fire bats (D:14)
  6 basilisks
  2 wargs
  A steam dragon (Lair:2)
  A redback (shapeshifter) (Vaults:4)
  3 chaos spawn (Depths:3)
  56 nagas
  An acid dragon (D:12)
  13 water moccasins
  A hell hound (D:14)
  17 orc warriors
  2 black bears (D:4)
  3 sky beasts
  9 ogres
  10 centaurs
  15 wolves
  2 kobold brigands
  3 phantoms
  A brain worm (Sewer)
  15 bullfrogs
  2 scorpions
  A gnoll sergeant (D:12)
  4 small abominations (Depths:3)
  10 wights
  2 elephant simulacra (Lair:2)
  30 killer bees
  An electric eel (Lair:4)
  6 howler monkeys
  2 lava snakes (D:14)
  28 orc priests
  2 bombardier beetles
  2 gnoll boudas
  2 jellies
  A sleepcap (D:7)
  5 hounds
  Ijyb (D:5)
  21 orc wizards
  3 iguanas (D:6)
  3 spriggan simulacra
  A wolf simulacrum (Lair:2)
  11 gnolls
  17 adders
  A naga simulacrum (Lair:2)
  6 river rats
  2 shadow imps
  4 white imps
  5 ribbon worms
  4 dart slugs
  80 orcs
  9 ball pythons
  12 bats
  2 endoplasms
  3 giant cockroaches
  7 goblins
  6 hobgoblins
  7 jackals (Sewer)
  5 quokkas
  4 frilled lizards
  10 kobolds
  10 rats
1674 creatures vanquished.

Vanquished Creatures (collateral kills)
  A tentacled monstrosity (Zot:1)
  A walking crystal tome (Zot:1)
  A tengu reaver (Vaults:4)
  A storm dragon (Zot:1)
  A frost giant (Vaults:5)
  A nagaraja (Snake:4)
  A nargun (Zot:1)
  Ilsuiw (Shoals:3)
  An angel (Shoals:4)
  A draconian scorcher (Zot:1)
  2 merfolk javelineers (Shoals:4)
  A salamander tyrant (Snake:4)
  A merfolk avatar (Shoals:4)
  A merfolk aquamancer (Shoals:4)
  A dancing weapon (Zot:1)
  A naga sharpshooter (Snake:2)
  An iron troll (Depths:3)
  A deep troll (Vaults:3)
  An ironbound convoker (Vaults:3)
  An orc sorcerer (Vaults:1)
  A moth of wrath (Zot:2)
  A salamander (Snake:4)
  A yak (Lair:4)
  A warg (Vaults:5)
  A laughing skull (Vaults:2)
26 creatures vanquished.

Vanquished Creatures (others)
  A fire dragon (Depths:2)
  An occultist (Depths:2)
  A guardian serpent (Snake:4)
  A black mamba (Snake:4)
  An unseen horror (Depths:3)
  A naga (Snake:4)
  A howler monkey (D:13)
7 creatures vanquished.

Grand Total: 1707 creatures vanquished

Notes
Turn   | Place    | Note
-------+----------+-------------------------------------------
     0 | D:1      | Doorstop00 the Minotaur Berserker began the quest for the
                  | Orb.
     0 | D:1      | Reached XP level 1. HP: 19/19 MP: 0/0
   121 | D:1      | Reached XP level 2. HP: 20/27 MP: 1/1
   648 | D:2      | Reached ** piety under Trog
   673 | D:2      | Reached XP level 3. HP: 34/34 MP: 2/2
  1018 | D:2      | Found a faded altar of an unknown god.
  1246 | D:2      | Reached XP level 4. HP: 41/41 MP: 3/3
  1672 | D:3      | Reached skill level 5 in Fighting
  1672 | D:3      | Reached skill level 5 in Axes
  1790 | D:3      | Reached XP level 5. HP: 42/48 MP: 4/4
  1816 | D:3      | HP: 2/48 [orc priest/divine providence (13)]
  1818 | D:3      | Reached skill level 3 in Dodging
  1820 | D:3      | Reached XP level 6. HP: 7/56 MP: 5/5
  2718 | D:4      | Reached *** piety under Trog
  3150 | D:4      | Reached XP level 7. HP: 27/62 MP: 6/6
  3324 | D:4      | Found a staircase to the Ecumenical Temple.
  3352 | D:4      | Found a hazy altar of Hepliaklqana.
  3703 | D:4      | Reached skill level 5 in Armour
  3829 | D:5      | Entered Level 5 of the Dungeon
  3853 | D:5      | Noticed Ijyb
  3881 | D:5      | Killed Ijyb
  3986 | D:5      | Found a glowing drain.
  3992 | Sewer    | Entered a sewer
  4032 | Sewer    | Reached **** piety under Trog
  4360 | Sewer    | Reached XP level 8. HP: 70/70 MP: 7/7
  4705 | D:5      | Noticed Grinder
  4731 | D:5      | Killed Grinder
  4732 | D:5      | Reached skill level 4 in Dodging
  5117 | D:5      | Found a hide-covered altar of Uskayaw.
  5245 | D:5      | Reached skill level 1 in Stealth
  6057 | D:6      | Reached XP level 9. HP: 69/79 MP: 8/8
  6179 | D:6      | Found Jaget's Antique Armour Shop.
  6520 | D:7      | Reached skill level 10 in Axes
  6609 | D:7      | Noticed a troll
  6621 | D:7      | Killed a troll
  6754 | D:7      | Reached skill level 5 in Dodging
  7503 | D:8      | Reached ***** piety under Trog
  8099 | D:9      | Reached skill level 1 in Evocations
  8107 | D:9      | Reached XP level 10. HP: 83/90 MP: 9/9
  8129 | D:9      | Noticed Prince Ribbit
  8139 | D:9      | Killed Prince Ribbit
  8227 | D:9      | Paralysed by a hornet for 2 turns
  8492 | D:9      | Noticed a two-headed ogre
  8610 | D:9      | Found The Oracle's Delphic Readings.
  8616 | D:9      | Bought a scroll of teleportation for 33 gold pieces
  8616 | D:9      | Bought a scroll of teleportation for 33 gold pieces
  8616 | D:9      | Bought a scroll of identify for 22 gold pieces
  8616 | D:9      | Bought a scroll of identify for 22 gold pieces
  8817 | D:10     | Entered Level 10 of the Dungeon
  8824 | D:10     | Noticed a rust devil
  8831 | D:9      | Noticed an orange demon
  8836 | D:9      | Reached skill level 6 in Dodging
  8874 | D:10     | Found a shimmering altar of Xom.
  8876 | D:10     | Noticed Urug
  8929 | D:9      | Reached skill level 10 in Armour
  8947 | D:9      | Killed Urug
  9016 | D:10     | Reached skill level 10 in Fighting
  9016 | D:10     | Reached XP level 11. HP: 78/99 MP: 10/10
  9033 | D:10     | Received a gift from Trog
  9138 | D:10     | Found a staircase to the Lair.
  9684 | D:10     | Found a staircase to the Orcish Mines.
  9817 | Lair:1   | Entered Level 1 of the Lair of Beasts
  9869 | Lair:1   | Reached skill level 1 in Shields
  9942 | Lair:1   | Found a transporter.
  9947 | Lair:1   | Found a transporter.
  9948 | Lair:1   | Noticed KennySheep's ghost (journeyman DEWn)
  9985 | Lair:1   | Identified a scroll of acquirement
  9986 | Lair:1   | Acquired a manual of Fighting
 10200 | Lair:1   | Reached skill level 7 in Dodging
 10730 | Lair:2   | Found a staircase to the Shoals.
 10730 | Lair:2   | Noticed a harpy
 10730 | Lair:2   | Noticed a harpy
 10743 | Lair:2   | Killed a harpy
 10747 | Lair:2   | Killed a harpy
 10913 | Lair:2   | Reached XP level 12. HP: 112/112 MP: 11/11
 11112 | Lair:2   | Reached skill level 15 in Axes
 11114 | Lair:2   | Noticed a six-headed hydra
 11209 | Lair:1   | Killed a six-headed hydra
 11393 | Lair:2   | Identified the +2 robe of Esumajer {Str+2 Int-4 Stlth+}
 11456 | Lair:2   | Noticed an eight-headed hydra
 11471 | Lair:2   | Killed an eight-headed hydra
 11472 | Lair:2   | Reached skill level 1 in Maces & Flails
 11756 | Lair:2   | Noticed a death yak
 11775 | Lair:2   | Killed a death yak
 11839 | Lair:2   | Noticed a death yak
 11869 | Lair:2   | Killed a death yak
 11889 | Lair:2   | Identified the +0 rapier of the Shallot {drain, rF+ Str+3}
 12414 | Lair:3   | Found a staircase to the Snake Pit.
 12464 | Lair:3   | Reached skill level 8 in Dodging
 12475 | Lair:3   | Noticed a four-headed hydra
 12488 | Lair:3   | Killed a four-headed hydra
 12489 | Lair:3   | Reached skill level 5 in Shields
 12612 | Lair:3   | Received a gift from Trog
 12902 | Lair:3   | Reached XP level 13. HP: 113/123 MP: 12/12
 13013 | Lair:3   | Noticed Gastronok
 13026 | Lair:3   | Killed Gastronok
 13435 | Lair:3   | Reached skill level 5 in Evocations
 14185 | Lair:4   | Found a staircase to the Slime Pits.
 14576 | Lair:5   | Entered Level 5 of the Lair of Beasts
 14816 | Lair:4   | Reached skill level 9 in Dodging
 14851 | Lair:4   | Reached skill level 15 in Fighting
 15066 | Lair:4   | Reached ****** piety under Trog
 15066 | Lair:4   | Received a gift from Trog
 15860 | Lair:5   | Reached XP level 14. HP: 123/136 MP: 13/13
 16313 | Orc:1    | Entered Level 1 of the Orcish Mines
 16313 | Orc:1    | Noticed Fannar
 16344 | D:10     | Killed Fannar
 16401 | Orc:1    | Found a roughly hewn altar of Beogh.
 16521 | Orc:1    | Noticed Maurice
 16527 | Orc:1    | Received a gift from Trog
 16536 | Orc:1    | Paralysed by Maurice for 2 turns
 16542 | Orc:1    | Killed Maurice
 16696 | Orc:1    | Found a roughly hewn altar of Beogh.
 16850 | Orc:2    | Entered Level 2 of the Orcish Mines
 16915 | Orc:2    | Found a staircase to the Elven Halls.
 17432 | Orc:2    | Found Guerph's Armour Emporium.
 17597 | Orc:2    | Found Heliej's Book Boutique.
 17597 | Orc:2    | Found Ikuopsin's Assorted Antiques.
 18010 | Orc:2    | Received a gift from Trog
 18025 | Orc:2    | Found Fijaxti's Book Shoppe.
 18025 | Orc:2    | Found Nyggem's Antique Weapon Shoppe.
 18110 | Orc:2    | Bought a scroll of blinking for 255 gold pieces
 18138 | Orc:2    | Bought a small garnet ring for 170 gold pieces
 18138 | Orc:2    | Bought a potion of curing for 102 gold pieces
 18728 | D:11     | Identified the +1 hand axe "Huynupesuh" {venom, rN+ Int+3}
 19222 | D:12     | Reached skill level 10 in Dodging
 19557 | D:13     | Noticed Sonja
 19561 | D:13     | Killed Sonja
 19703 | D:13     | Found a gate to the Vaults.
 19816 | D:13     | Identified the +6 battleaxe of the Pits of Slime {flame,
                  | rPois rN+ Dex+2} (Trog gifted it to you on level 13 of the
                  | Dungeon)
 19816 | D:13     | Received a gift from Trog
 19839 | D:13     | Noticed Jorgrun
 19861 | D:13     | Killed Jorgrun
 19862 | D:13     | Reached skill level 15 in Armour
 19862 | D:13     | Reached XP level 15. HP: 149/149 MP: 14/14
 19882 | D:13     | Noticed Kirke
 19896 | D:13     | Killed Kirke
 19974 | D:13     | Noticed Snorg
 19980 | D:13     | Killed Snorg
 20762 | D:14     | Identified the +0 scale mail "Ysmeyru" {rN+ Slay+4}
 20947 | D:15     | Entered Level 15 of the Dungeon
 21133 | D:15     | Found a shadowy altar of Dithmenos.
 21421 | D:15     | Found a staircase to the Depths.
 21841 | Snake:1  | Entered Level 1 of the Snake Pit
 23388 | Snake:2  | Identified the serpent talisman of Good Intentions {rF+
                  | MP+9}
 23388 | Snake:2  | Noticed Aizul
 23401 | Snake:2  | Killed Aizul
 23401 | Snake:2  | Received a gift from Trog
 23402 | Snake:2  | Reached skill level 11 in Dodging
 23549 | Snake:2  | Noticed Donald
 23559 | Snake:2  | Killed Donald
 23560 | Snake:2  | Reached skill level 10 in Shields
 23791 | Snake:2  | Noticed Vashnia
 23841 | Snake:2  | Killed Vashnia
 23947 | Snake:2  | Found Ymab's Magic Scroll Emporium.
 23989 | Snake:2  | Bought 2 scrolls of teleportation for 102 gold pieces
 23989 | Snake:2  | Bought a scroll of enchant armour for 127 gold pieces
 23989 | Snake:2  | Bought a scroll of enchant armour for 127 gold pieces
 24012 | Snake:2  | Reached XP level 16. HP: 121/162 MP: 15/15
 24674 | Snake:3  | Received a gift from Trog
 24681 | Snake:3  | Found an ornate altar of the Wu Jian Council.
 25384 | Snake:4  | Entered Level 4 of the Snake Pit
 25482 | Snake:4  | Found a transporter.
 25492 | Snake:4  | Found Zaupidu's Antique Armour Shop.
 25496 | Snake:4  | Found a transporter.
 25522 | Snake:4  | Found Ruaviges's Armour Boutique.
 25554 | Snake:4  | Received a gift from Trog
 26369 | Snake:4  | Found Ipretsyc's Magic Scroll Emporium.
 26373 | Snake:4  | Bought a scroll of blinking for 105 gold pieces
 26373 | Snake:4  | Bought a scroll of teleportation for 42 gold pieces
 26373 | Snake:4  | Bought a scroll of blinking for 105 gold pieces
 26662 | Snake:4  | Found Zeig's Armour Shoppe.
 26743 | Snake:4  | Bought a scarf of resistance for 384 gold pieces
 27119 | Snake:4  | Found Qiewk's Magic Scroll Shoppe.
 27135 | Snake:4  | Bought a scroll of blinking for 105 gold pieces
 27135 | Snake:4  | Bought a scroll of enchant armour for 105 gold pieces
 27243 | Snake:4  | Received a gift from Trog
 27359 | Snake:4  | Reached skill level 12 in Dodging
 27541 | Snake:4  | Reached XP level 17. HP: 162/172 MP: 16/16
 28254 | Snake:4  | Upgraded the game from 0.32-a0-960-g3814254bd7 to
                  | 0.32-a0-961-gd60f5e5fc7
 28444 | Snake:4  | Reached skill level 15 in Shields
 28801 | Snake:4  | Got a serpentine rune of Zot
 29115 | Shoals:1 | Entered Level 1 of the Shoals
 29134 | Shoals:1 | Received a gift from Trog
 30233 | Shoals:2 | Found Vawk's Overcharged Wands.
 30619 | Shoals:2 | Found a large runed translucent door.
 30620 | Shoals:2 | Found a large runed translucent door.
 30627 | Shoals:2 | Noticed Heh's ghost (adept CoBe)
 30681 | Shoals:2 | Killed Heh's ghost
 30688 | Shoals:2 | Identified the +0 plate armour of the Abyss {Harm Will++
                  | Dex-4}
 30867 | Shoals:3 | Found Erian's General Store.
 30872 | Shoals:3 | Bought a scroll of teleportation for 54 gold pieces
 31142 | Shoals:3 | Noticed Ilsuiw
 31164 | Shoals:3 | Killed Ilsuiw
 31799 | Shoals:4 | Entered Level 4 of the Shoals
 31819 | Shoals:3 | Reached XP level 18. HP: 100/182 MP: 17/17
 32006 | Shoals:4 | Received a gift from Trog
 32081 | Shoals:4 | Identified the +0 pair of gloves of Zuzxohos {rElec rPois
                  | rC+ Dex+3}
 32115 | Shoals:4 | Found a white marble altar of Elyvilon.
 32271 | Shoals:4 | Identified the ring of the Giraffataur {Ice Str+5}
 32601 | Shoals:4 | Found a glowing golden altar of the Shining One.
 32608 | Shoals:4 | Identified the ring "Meschel" {Will+ Int+4}
 32631 | Shoals:4 | Reached skill level 13 in Dodging
 32913 | Shoals:4 | Got a barnacled rune of Zot
 32972 | Shoals:4 | Found a glowing silver altar of Zin.
 33176 | Shoals:4 | Identified the amulet "Quza" {Reflect rC+ Will+ SH+5
                  | Stlth+}
 33747 | Vaults:1 | Entered Level 1 of the Vaults
 33787 | Vaults:1 | Reached skill level 10 in Evocations
 33875 | Vaults:1 | Noticed Saint Roka
 33905 | Vaults:1 | Killed Saint Roka
 35038 | Vaults:1 | Identified the +9 glaive of Eternal War {heavy, ^Fragile
                  | Will+++ rCorr Str+2} (Trog gifted it to you on level 1 of
                  | the Vaults)
 35038 | Vaults:1 | Received a gift from Trog
 35272 | Vaults:1 | Identified the staff of Eminent Domain {rF+ rC++ Str-2
                  | Int-5 Earth}
 35273 | Vaults:1 | Identified the ring of Modesty {rF+ Dex+5 SInv}
 35454 | Vaults:1 | Identified the amulet of Ecaz Lus {Reflect -Tele ^Fragile
                  | Regen+ Str+8 SH+5}
 35521 | Vaults:1 | Reached skill level 14 in Dodging
 35526 | Vaults:1 | Reached XP level 19. HP: 109/190 MP: 18/18
 35885 | Vaults:1 | Found Bawuz's Antique Armour Boutique.
 36526 | Vaults:2 | Reached skill level 15 in Dodging
 36748 | Vaults:2 | Found a staircase to the Crypt.
 37336 | Vaults:2 | Noticed a golden dragon
 37359 | Vaults:2 | Killed a golden dragon
 37454 | Vaults:2 | Received a gift from Trog
 37455 | Vaults:2 | Reached skill level 16 in Dodging
 37605 | Vaults:2 | Found Jisy's Armour Emporium.
 38382 | Vaults:3 | Reached skill level 17 in Dodging
 38494 | Vaults:3 | Reached XP level 20. HP: 183/198 MP: 19/19
 38667 | Vaults:3 | Received a gift from Trog
 39618 | Vaults:3 | Reached skill level 18 in Dodging
 39773 | Vaults:4 | Noticed a golden dragon
 39797 | Vaults:4 | Killed a golden dragon
 39816 | Vaults:4 | Identified the +4 quarterstaff of Calamity {flame, rCorr
                  | Str+2 Int+3}
 40146 | Vaults:4 | Found Maidinuw's Antique Weapon Boutique.
 40503 | Vaults:4 | Identified the +7 broad axe of Doom {flame, ^Contam rF-
                  | rC++ Str+3} (Trog gifted it to you on level 4 of the
                  | Vaults)
 40503 | Vaults:4 | Received a gift from Trog
 40837 | Vaults:4 | Reached skill level 19 in Dodging
 41295 | Depths:1 | Entered Level 1 of the Depths
 41542 | Depths:1 | Found a transporter.
 41542 | Depths:1 | Found a transporter.
 41542 | Depths:1 | Noticed a profane servitor
 41542 | Depths:1 | Noticed Vegox's ghost (adept MiHs)
 41736 | Depths:1 | Found a one-way gate to the infinite horrors of the Abyss.
 41785 | Depths:1 | Identified the +8 flail "Vewkekac" {antimagic, Str+7} (Trog
                  | gifted it to you on level 1 of the Depths)
 41785 | Depths:1 | Received a gift from Trog
 42060 | Depths:1 | Reached skill level 20 in Dodging
 42077 | Depths:1 | Found a shimmering blue altar of Sif Muna.
 42453 | Depths:1 | Found a gateway to Hell.
 42790 | Depths:2 | Reached XP level 21. HP: 198/205 MP: 20/20
 43182 | Depths:2 | Noticed a caustic shrike
 43196 | Depths:2 | Killed a caustic shrike
 43199 | Depths:2 | Reached skill level 21 in Dodging
 43429 | Depths:2 | Received a gift from Trog
 44016 | Depths:2 | Found an iron altar of Okawaru.
 44643 | Depths:2 | Found a one-way gate leading to the halls of Pandemonium.
 45099 | Depths:3 | Found a transporter.
 45150 | Depths:3 | Reached skill level 22 in Dodging
 45152 | Depths:3 | Reached skill level 15 in Evocations
 45446 | Depths:3 | Received a gift from Trog
 45621 | Depths:3 | Found a one-way gateway to a ziggurat.
 45845 | Depths:3 | Noticed Mennas
 45865 | Depths:3 | Killed Mennas
 46111 | Depths:3 | Found a transporter.
 46111 | Depths:3 | Found the Hermit's Pendant {Faith Invo=14 Evo=0 MP+5}
 46670 | Depths:4 | Entered Level 4 of the Depths
 46674 | Depths:4 | Upgraded the game from 0.32-a0-961-gd60f5e5fc7 to
                  | 0.32-a0-975-g85d4e5bfdb
 46778 | Depths:4 | Reached skill level 23 in Dodging
 46835 | Depths:4 | Received a gift from Trog
 47000 | Depths:4 | Identified the +7 orcbow of the Ancients {drain, Str+3}
 47027 | Depths:4 | Reached XP level 22. HP: 203/213 MP: 21/21
 47066 | Depths:4 | Found a gate to the Realm of Zot.
 47066 | Depths:4 | Noticed a golden dragon
 47087 | Depths:4 | Killed a golden dragon
 47289 | Depths:4 | Noticed a golden dragon
 47301 | Depths:4 | Killed a golden dragon
 47937 | Depths:4 | Noticed a juggernaut
 47951 | Depths:4 | Killed a juggernaut
 49477 | Vaults:5 | Entered Level 5 of the Vaults
 49564 | Vaults:4 | Identified the +9 war axe of a Gauntlet {flame, rF+ Will+}
                  | (Trog gifted it to you on level 4 of the Vaults)
 49564 | Vaults:4 | Received a gift from Trog
 49615 | Vaults:4 | Gained mutation: You are weak. (Str -2) [mutagenic glow]
 50181 | Vaults:5 | Noticed a dread lich
 50484 | Vaults:4 | Killed a dread lich
 50530 | Vaults:5 | Gained mutation: You have hidden genetic defects. [a
                  | cacodemon]
 51511 | Vaults:4 | Received a gift from Trog
 51592 | Vaults:5 | Identified the +3 buckler "Dostomon" {rC+}
 52846 | Vaults:4 | Gained mutation: You are clumsy. (Dex -2) [hidden defects]
 53177 | Vaults:5 | Identified the +1 ring mail "Exeavock" {+Blink rCorr}
 53243 | Vaults:5 | Received a gift from Trog
 53258 | Vaults:5 | Got a silver rune of Zot
 53307 | Vaults:5 | Identified the +2 great sword of Putrescence {vamp, rC+
                  | rN+}
 53391 | Vaults:5 | Reached XP level 23. HP: 172/207 MP: 22/22
 53604 | Vaults:5 | Identified the +10 quarterstaff "Grom" {heavy, rC+ Int+2}
 53996 | Vaults:5 | Identified the +5 plate armour of Oblivion {rC+ Will+
                  | Int+2}
 54023 | Vaults:5 | Identified the +6 war axe of Integrity {flame, MP+9 Int+4}
 54697 | Vaults:5 | Gained mutation: Your magical capacity is low. (-10% MP)
                  | [hidden defects]
 54697 | Vaults:5 | Lost mutation: You have hidden genetic defects. [hidden
                  | defects expressed]
 55384 | Zot:1    | Entered Level 1 of the Realm of Zot
 55826 | Zot:1    | HP: 7/225 [white draconian/+2 trident of flaming (17)]
 55826 | Zot:1    | Slain by a black draconian

Illustrated notes

Levels and vault maps discovered:
D:1:      lemuel_arrival_room, layout_basic, chequers_garden
D:2:      layout_loops_ring, chequers_ecumenical_altar_twisty
D:3:      layout_basic, serial_co_window_serial, co_window_paths_b,
          co_window_paths_b, co_window_paths_b, co_window_cross_1,
          co_window_paths_a, co_window_of_opportunity_b, co_window_cross_2,
          co_window_corner_b, co_window_unsneaky_path_a, co_window_broadway_a,
          co_window_broadway_b, glass_columns_a
D:4:      layout_loops_ring, lemuel_crystal_altar,
          minmay_temple_entry_glassed_door, chequers_serial_rivers_small_b,
          kennysheep_generic_room_2
D:5:      layout_rooms, nicolae_uskayaw_murder_on_the_dancefloor,
          lightli_sewer_entry_pipes, serial_co_window_serial, co_window_cross_1,
          co_window_corner_a, co_window_paths_a, co_window_corner_a,
          co_window_paths_a, co_window_unsneaky_path_e, co_window_cross_4,
          co_window_2corner, co_window_broadway_a, co_window_cross_2,
          co_window_paths_c, glass_columns_a, glass_columns_a, uniq_grinder,
          uniq_ijyb
D:6:      layout_basic, serial_shops, nicolae_take_the_stairs
D:7:      layout_basic
D:8:      layout_basic
D:9:      layout_cave_pools, nicolae_nh_oracle_at_delphi, uniq_prince_ribbit1
D:10:     layout_loops_ring, xom_teletrap_fun, erik_lair_orcish_takeover,
          hangedman_decor_growths, uniq_urug
D:11:     layout_rooms, small_chamber_with_monster
D:12:     layout_small_grid
D:13:     layout_gridville, grunt_vaults_entry_fortified, minivault_5,
          uniq_kirke, uniq_jorgrun, uniq_sonja, uniq_snorg
D:14:     layout_rooms, nicolae_benzene_ring, hangedman_incinerator
D:15:     grunt_enter_depths_giant_problem, layout_loops_ring,
          nicolae_dithmenos_through_a_glass_darkly
Lair:1:   layout_roguey [special_room_bee], gammafunk_ghost_hive,
          cheibrodos_lair_caveside_slide
Lair:2:   dreamdust_isle_of_ice, layout_regular_city,
          nicolae_shoals_entry_roost, hangedman_lair_generics_rect
Lair:3:   layout_regular_city, minmay_snake_entry_guardpost_medium,
          uniq_gastronok
Lair:4:   layout_small_grid, dpeg_slime_entry_corner,
          nicolae_quartered_pool_super, grunt_megastairs_2,
          serial_bayou_shore_a, infiniplex_staircase_pool_2
Lair:5:   evilmike_catoblepas_cave, layout_long_grid,
          chequers_serial_rivers_room_a, bobbens_ice_dragon_lair,
          grunt_megastairs_4
Shoals:1: layout_shoals, abandoned_shop
Shoals:2: layout_shoals, ebering_ghost_disaster_area,
          nicolae_shop_overcharged_wands
Shoals:3: layout_shoals, serial_shops, shop, uniq_ilsuiw
Shoals:4: shoals_end_hellmonk_holy_island
Snake:1:  layout_layer_cave, nicolae_triple_integral
Snake:2:  layout_misc_corridors, serial_shops, nicolae_shop_waterfront,
          nicolae_integral_box, uniq_vashnia, uniq_aizul, uniq_donald
Snake:3:  layout_misc_corridors, basic_altar
Snake:4:  snake_pit_salamanders_mu, layout_chambers, serial_shops,
          nicolae_shop_rolled_up, nicolae_shop_crystal, nicolae_shop_drivethru,
          nicolae_shop_statue_plus, nicolae_shop_statue_plus, st_stairs_4,
          lemuel_fruit_tree
Orc:1:    layout_caves, basic_altar, mines2_david, uniq_maurice, uniq_fannar
Orc:2:    st_orc_elflike, layout_caves, serial_shops, shop,
          nicolae_orc_crystal_seam
Vaults:1: nicolae_vaults_trapezoid_3, nicolae_vaults_storing_the_good_stuff,
          v_pattern_2, nicolae_vaults_tetromino_Z_1,
          nicolae_vaults_doubleplus_tesselated, nicolae_vaults_puzzle_piece,
          hangedman_vaults_capsules, nicolae_vaults_house_1,
          vaults_room_grunt_arrival_ludios, layout_vaults_chaotic_city,
          serial_shops, nicolae_shop_rolling_square, uniq_saint_roka
Vaults:2: nicolae_vaults_storage_closets_3, nicolae_vaults_ring_of_whatevers,
          nicolae_vaults_offset_grid_hallway_2, hangedman_vaults_cutoff,
          nicolae_vaults_angled_halls, nicolae_vaults_network_quinsquares
          [nicolae_vaults_network_quincunx_subvault,
          nicolae_vaults_network_quincunx_subvault,
          nicolae_vaults_network_quincunx_subvault,
          nicolae_vaults_network_quincunx_subvault], vaults_dpeg_hooks,
          hangedman_vaults_nails, nicolae_vaults_three_branches,
          lightli_orcish_oven, nicolae_vaults_layer_cake_slice,
          nicolae_vaults_an_arrangement, minmay_crypt_entry_simple_sparse,
          nicolae_vaults_tetromino_Z_2, nicolae_vaults_hexular_roomagon,
          layout_vaults_omnibox, serial_shops, nicolae_shop_statue_plus
Vaults:3: ontoclasm_vaults_shuriken, hangedman_vaults_locks,
          hangedman_vaults_river_flow, vaults_mumra_minichess, v_pattern_4,
          nicolae_vaults_tetromino_L_1, nicolae_vaults_hallways_thing,
          vaults_room_semicircle, nicolae_vaults_diamond_2,
          nicolae_vaults_what_the_h, nicolae_vaults_trapezoid_lopsided_3,
          nicolae_vaults_trapezoid_2, layout_vaults_omnicross
Vaults:4: portal_desolation_entry_nicolae_slug,
          nicolae_vaults_storage_closets_1, v_misc_30, v_rooms_5,
          grunt_vaults_trifunnel, nicolae_vaults_inception_scallops,
          vaults_mumra_lcd, v_misc_5, nicolae_vaults_security_offices_3,
          vaults_mumra_hex, nicolae_vaults_tetromino_L_1,
          nicolae_vaults_tetromino_L_2, layout_vaults_ring, serial_shops,
          nicolae_shop_back_alley_shop
Vaults:5
Depths:1: layout_twisted_cross, grunt_hell_horde,
          gammafunk_ghost_abyssal_escape, chequers_serial_rivers_micro_a,
          nicolae_sif_muna_condensation, grunt_megastairs_5
Depths:2: nzn_winding_woodlands_stair_cross [nzn_winding_woodlands_5x15_jagged,
          nzn_winding_woodlands_center_diamonds, nzn_winding_woodlands_5x15_eye,
          nzn_winding_woodlands_5x5_three,
          nzn_winding_woodlands_5x5_checkerboard,
          nzn_winding_woodlands_5x15_split_checker,
          nzn_winding_woodlands_center_pierced_h,
          nzn_winding_woodlands_5x15_crooked], layout_cross,
          grunt_decor_junction, rand_demon_pan_entry_8, grunt_hell_entry_dis_mu,
          regret_index_abyss_entry_already_here, okawaru_trees_1
Depths:3: gammafunk_sealed_arena, layout_basic, enter_ziggurat_a,
          pf_hell_entry_great_geh, serial_sigils,
          serial_sigils_hangedman_scratch, serial_sigils_hangedman_quiver,
          serial_sigils_hangedman_scar, serial_sigils_hangedman_snap,
          minmay_room_of_horrors, hangedman_glass_teeth,
          infiniplex_staircase_spiral, uniq_mennas
Depths:4: grunt_zot_entry_tricorne, layout_honeycomb, hangedman_coc_ice_floe,
          minmay_strange_pillars, hellmonk_guarded_unrand_dark_maul,
          serial_bayou_shore_b
Zot:1:    kennysheep_spiral_hall, layout_gridlike, nicolae_rock_paper_scissors
Zot:2:    layout_basic, nicolae_shop_clearance, uniq_vv, uniq_tiamat

Skill      XL: |  1  2  3  4  5  6  7  8  9 10 11 12 13 14 15 16 17 18 19 20 21 22 23 |
---------------+----------------------------------------------------------------------+-----
Axes           | 4 5 6 8 9 11 13 14 15 16 17 18 19 | 19.1
Fighting       | 4 5 6 7 8 10 11 13 15 18 19 20 21 22 | 22.7
Armour         | 3 4 5 7 9 10 11 13 14 15 16 18 20 | 20.9
Dodging        | 3 4 5 6 7 8 9 10 11 12 14 17 20 23 | 23.8
Stealth        | 1 3 4 |  4.0
Evocations     | 1 2 3 4 5 6 7 8 9 10 12 14 15 | 15.9
Shields        | 3 5 6 8 10 14 16 17 19 | 19.6
Maces & Flails | 2 3 |  3.7

Action                     |  1- 3 |  4- 6 |  7- 9 | 10-12 | 13-15 | 16-18 | 19-21 | 22-24 || total
---------------------------+-------+-------+-------+-------+-------+-------+-------+-------++-------
  Melee: Hand axe          |    68 |   146 |   242 |       |       |       |       |       ||   456
         Headbutt          |    11 |    24 |    69 |   132 |   254 |   375 |   505 |   254 ||  1624
         War axe           |       |       |   165 |   636 |   227 |       |       |   527 ||  1555
         Eveningstar       |       |       |       |    16 |    17 |       |       |       ||    33
         Broad axe         |       |       |       |       |   797 |  1415 |  1561 |   178 ||  3951
 Invoke: Trog's Hand       |       |     1 |     2 |     2 |     3 |     4 |     4 |     5 ||    21
         Brothers in Arms  |       |       |       |     1 |     2 |     9 |     4 |     8 ||    24
         Berserk           |       |       |       |     1 |       |       |       |       ||     1
  Evoke: Wand              |       |       |     5 |     5 |     9 |    12 |     2 |     5 ||    38
    Use: Scroll            |     3 |     1 |     6 |    14 |     7 |    13 |     2 |    10 ||    56
         Potion            |       |     1 |       |     1 |     1 |     4 |     1 |     3 ||    11
   Stab: Sleeping          |     1 |       |       |       |       |       |       |       ||     1
         Confused          |       |       |       |     1 |     2 |       |       |       ||     3
         Distracted        |       |       |       |     1 |     1 |     2 |     4 |     4 ||    12
         Petrified         |       |       |       |       |     9 |       |       |       ||     9
         Petrifying        |       |       |       |       |     3 |       |       |       ||     3
         Paralysed         |       |       |       |       |     3 |       |       |       ||     3
 Armour: Animal skin       |    35 |    11 |       |       |       |       |       |       ||    46
         Ring mail         |       |    23 |       |       |       |       |       |       ||    23
         Chain mail        |       |    88 |   226 |       |       |       |       |       ||   314
         Plate armour      |       |       |    41 |   477 |   776 |  1039 |   193 |   367 ||  2893
         Gold dragon scale |       |       |       |       |       |       |   468 |    65 ||   533
  Dodge: Dodged            |    32 |    53 |   228 |   429 |   540 |   488 |   381 |   232 ||  2383
  Block: Buckler           |       |       |       |   118 |   171 |       |       |       ||   289
         Tower shield      |       |       |       |       |   144 |   902 |  2014 |  1002 ||  4062
         Kite shield       |       |       |       |       |       |   469 |       |       ||   469
         Reflection        |       |       |       |       |       |    21 |    58 |    70 ||   149

Table legend: (Time is in decaauts)
 A = Elapsed time spent in this place.
 B = Non-inter-level travel time spent in this place.
 C = Inter-level travel time spent in this place.
 D = Time resting spent in this place.
 E = Time spent auto-exploring this place.
 F = Levels seen in this place.
 G = Mean time per level.
                   A        B        C        D        E       F      G
               +--------+--------+--------+--------+--------+-----+--------+
         Total |  55103 |  51693 |   3410 |  12642 |  16820 |  42 | 1312.0 |
       Dungeon |  13542 |  12405 |   1137 |   1845 |   7157 |  15 |  902.8 |
          Lair |   6904 |   6394 |    510 |    675 |   2212 |   5 | 1380.8 |
        Shoals |   4349 |   4258 |     91 |    886 |   1819 |   4 | 1087.2 |
     Snake Pit |   7041 |   6567 |    474 |   1240 |   1933 |   4 | 1760.2 |
  Orcish Mines |   1790 |   1741 |     49 |    196 |    312 |   2 |  895.0 |
        Vaults |  12798 |  12147 |    651 |   5190 |   1705 |   5 | 2559.6 |
        Depths |   7678 |   7183 |    495 |   2335 |   1674 |   4 | 1919.5 |
           Zot |    419 |    419 |      0 |    274 |      0 |   2 |  209.5 |
         Sewer |    579 |    579 |      0 |      0 |      7 |   1 |  579.0 |
               +--------+--------+--------+--------+--------+-----+--------+

Top non-repeatable levels by time:
Vaults:4: 4978 daAuts
 Snake:4: 3369 daAuts
Depths:4: 2261 daAuts
Vaults:2: 2205 daAuts
Vaults:1: 2183 daAuts
Depths:2: 2029 daAuts
  Lair:2: 1921 daAuts
Vaults:5: 1853 daAuts
Depths:3: 1711 daAuts
Depths:1: 1675 daAuts
Vaults:3: 1577 daAuts
 Snake:1: 1529 daAuts
Shoals:3: 1378 daAuts
  Lair:3: 1366 daAuts
     D:3: 1352 daAuts
